 Dungeon Crawl Stone Soup version 0.30.1-4-g462c640d31 (webtiles) character file.

Game seed: 8468913071963240216

480 Almogavar the Slasher (level 6, -10/57 HPs)
             Began as a Minotaur Berserker on Aug 27, 2023.
             Was a Priest of Trog.
             Mangled by shamsi's ghost (15 damage)
             ... on level 5 of the Dungeon.
             The game lasted 00:08:11 (4275 turns).

Almogavar the Slasher (Minotaur Berserker)          Turns: 4275, Time: 00:08:11

Health: -10/57     AC: 13    Str: 24    XL:     6   Next: 86%
Magic:  5/5        EV:  9    Int:  4    God:    Trog [***...]
Gold:   184        SH:  3    Dex:  9    Spells: 5/5 levels left

rFire   . . .        a - +0 falchion
rCold   + . .        g - +0 buckler
rNeg    . . .        t - +0 chain mail
rPois   .            (helmet restricted)
rElec   .            (no cloak)
rCorr   .            (no gloves)
SInv    .            (no boots)
Will    .....        (no amulet) Stlth
                     k - ring of protection from cold
HPRegen 0.29/turn    p - +4 ring of protection
MPRegen 0.09/turn

%: no passive effects
@: about to teleport, on berserk cooldown, slowed, very slow
A: horns 2, retaliatory headbutt
a: Renounce Religion, Berserk, Trog's Hand


You were on level 5 of the Dungeon.
You worshipped Trog.
Trog was most pleased with you.
You visited 1 branch of the dungeon, and saw 5 of its levels.

You collected 184 gold pieces.

Inventory:

Hand Weapons
 a - a +0 falchion (weapon)
Armour
 g - a +0 buckler (worn)
 t - a +0 chain mail (worn)
Jewellery
 k - a ring of protection from cold (left hand)
 p - a +4 ring of protection (right hand)
Wands
 j - a wand of flame (24)
 q - a wand of polymorph (5)
Scrolls
 d - a scroll of immolation {unknown}
 e - a scroll of poison
 h - 4 scrolls of teleportation
 i - a scroll of amnesia {unknown}
 m - a scroll of vulnerability {unknown}
 n - 3 scrolls of brand weapon {unknown}
 o - 2 scrolls of fog {unknown}
 u - a scroll of noise {unknown}
 v - a scroll of silence {unknown}
Potions
 b - a potion of cancellation
 c - 2 potions of might
 f - 4 potions of heal wounds {unknown}
 l - 3 potions of curing {unknown}
 r - a potion of ambrosia {unknown}
 s - a potion of berserk rage {unknown}


   Skills:
 + Level 5.9 Fighting
 + Level 6.3 Long Blades
 + Level 3.8 Armour
 + Level 3.7 Dodging
 + Level 0.6 Stealth
 + Level 1.0 Shields
 + Level 0.3 Evocations


You had 5 spell levels left.
You didn't know any spells.
Your spell library was empty.

Dungeon Overview and Level Annotations

Branches:
Dungeon (5/15)             Temple (0/1) D:5

Altars:
Zin

Shops:
D:2 (

Annotations:
D:5 shamsi's ghost, novice HOBe


Innate Abilities, Weirdness & Mutations

You have a pair of horns on your head.
You reflexively headbutt those who attack you in melee.


Message History

Shamsi's ghost is lightly damaged.
Shamsi's ghost hits you but does no damage.
You barely miss shamsi's ghost.
Shamsi's ghost is lightly damaged.
You hit shamsi's ghost.
Shamsi's ghost is lightly damaged.
Shamsi's ghost hits you!
You slash shamsi's ghost!
Shamsi's ghost is moderately damaged.
You hit shamsi's ghost.
Shamsi's ghost is moderately damaged.
Shamsi's ghost hits you!
You slash shamsi's ghost! You headbutt shamsi's ghost.
Shamsi's ghost is heavily damaged.
Shamsi's ghost hits you!
* * * LOW HITPOINT WARNING * * *
You closely miss shamsi's ghost. You headbutt shamsi's ghost.
Shamsi's ghost is heavily damaged.
You completely miss shamsi's ghost. Your headbutt misses shamsi's ghost.
Shamsi's ghost is heavily damaged.
Shamsi's ghost hits you but does no damage.
You closely miss shamsi's ghost.
You headbutt shamsi's ghost, but do no damage.
Shamsi's ghost is heavily damaged.
Shamsi's ghost hits you but does no damage.
You barely miss shamsi's ghost. Your headbutt misses shamsi's ghost.
Shamsi's ghost is heavily damaged.
You are no longer berserk.
You are exhausted.
You feel yourself slow down.
You completely miss shamsi's ghost.
Shamsi's ghost is heavily damaged.
Shamsi's ghost barely misses you. Shamsi's ghost hits you!
* * * LOW HITPOINT WARNING * * *
As you read the scroll of teleportation, it crumbles to dust.
You feel strangely unstable. Shamsi's ghost completely misses you.
You furiously retaliate!
You headbutt shamsi's ghost.
Shamsi's ghost attacks as you move away!
You block shamsi's ghost's attack. Shamsi's ghost hits you!
You die...

#...# ##.### .....# .)...#
.(...## ############
......########....#.....#
...............#..#(...(#
##......#..###....'..(..#
#.###.###......@W'....(#
#.# #..#..###.#..'.(.$.#
#.# #)...## #.#.(#...(.#
#.# #.#### #....#♣..(.#
##.###.### #############
#...##.#.## #<##.#
..>.......## #.##.##
#...#......##########.##..#
......................###.#


You could see shamsi's ghost.

Vanquished Creatures
  2 ogres (D:5)
  A scorpion (D:5)
  An iguana (D:4)
  Robin (D:3)
  13 adders
  An ufetubus (D:5)
  2 dart slugs
  3 orcs
  5 bats
  4 endoplasms
  3 giant cockroaches
  16 goblins
  6 hobgoblins
  3 quokkas
  8 ball pythons
  6 frilled lizards
  6 kobolds
  11 rats
92 creatures vanquished.

Notes
Turn   | Place    | Note
-------+----------+-------------------------------------------
     0 | D:1      | Almogavar the Minotaur Berserker began the quest for the
                  | Orb.
     0 | D:1      | Reached XP level 1. HP: 19/19 MP: 0/0
   166 | D:1      | Reached XP level 2. HP: 22/27 MP: 1/1
   325 | D:1      | Reached skill level 4 in Long Blades
   432 | D:1      | You fall into a shaft and drop 1 floor!
   463 | D:2      | Reached XP level 3. HP: 23/33 MP: 2/2
   939 | D:1      | Reached ** piety under Trog
  1081 | D:2      | Found Arphe's Antique Weapon Emporium.
  1171 | D:2      | Reached skill level 5 in Fighting
  1171 | D:2      | Reached XP level 4. HP: 38/42 MP: 3/3
  1437 | D:2      | Found a faded altar of an unknown god.
  1687 | D:3      | Noticed Robin
  2139 | D:3      | Killed Robin
  2194 | D:3      | Reached XP level 5. HP: 48/48 MP: 4/4
  2270 | D:3      | Reached *** piety under Trog
  2712 | D:4      | Reached skill level 5 in Long Blades
  2920 | D:4      | Noticed an ogre
  2927 | D:4      | an ogre changed into a frilled lizard
  3181 | D:4      | Found a glowing silver altar of Zin.
  3486 | D:5      | Entered Level 5 of the Dungeon
  3564 | D:5      | Found a staircase to the Ecumenical Temple.
  3696 | D:5      | Reached XP level 6. HP: 54/56 MP: 5/5
  3760 | D:5      | Reached skill level 6 in Long Blades
  3851 | D:5      | Reached skill level 1 in Shields
  3951 | D:5      | Found a runed translucent gate.
  3951 | D:5      | Found a runed translucent gate.
  3951 | D:5      | Found a runed translucent gate.
  3956 | D:5      | Noticed shamsi's ghost (novice HOBe)
  4275 | D:5      | Mangled by shamsi's ghost

Illustrated notes

Levels and vault maps discovered:
D:1:      mrwooster_arrival_statue, layout_loops_corners, minmay_surrounded
D:2:      layout_basic, ebering_ecumenical_altar_mist, serial_shops, shop,
          grunt_decor_cap
D:3:      layout_loops_ring, uniq_robin
D:4:      layout_basic, lemuel_crystal_altar, kennysheep_generic_room_12
D:5:      layout_loops_ring, minmay_temple_entry_antechambers,
          ebering_ghost_rock_garden, minmay_crystal_room, minivault_27

Skill      XL: |  1  2  3  4  5  6 |
---------------+-------------------+-----
Fighting       | 4 5 |  5.9
Long Blades    | 4 5 6 |  6.3
Armour         | 3 |  3.8
Dodging        | 3 |  3.7
Shields        | 1 |  1.0
Stealth        | |  0.6
Evocations     | |  0.3

Action                     |  1- 3 |  4- 6 || total
---------------------------+-------+-------++-------
  Melee: Falchion          |    74 |   157 ||   231
         Headbutt          |     7 |    20 ||    27
         Punch             |     1 |       ||     1
 Invoke: Berserk           |       |     2 ||     2
  Evoke: Wand              |       |     3 ||     3
    Use: Scroll            |       |     5 ||     5
 Armour: Leather armour    |    19 |    55 ||    74
         Chain mail        |       |     4 ||     4
  Dodge: Dodged            |    46 |    92 ||   138
  Block: Buckler           |     5 |    17 ||    22
